 Dungeon Crawl Stone Soup version 0.29.1-13-g9f3cf754e1 (webtiles) character file.

Game seed: 6825579419456992991

345 leafyfresh the Covert (level 6, -1/53 HPs)
             Began as a Gnoll Delver on Feb 7, 2023.
             Was a Priest of Cheibriados.
             Slain by a black bear (5 damage)
             ... on level 5 of the Dungeon.
             The game lasted 00:09:55 (4368 turns).

leafyfresh the Covert (Gnoll Delver)                Turns: 4368, Time: 00:09:56

Health: -1/53      AC:  6    Str: 17    XL:     6   Next: 58%
Magic:  1/9        EV: 14    Int: 15    God:    Cheibriados [***...]
Gold:   146        SH:  5    Dex: 22    Spells: 4/9 levels left

rFire   . . .      SeeInvis .   a - +0 spear
rCold   . . .      Faith    .   (no shield)
rNeg    . . .      Spirit   .   q - +0 ring mail
rPois   .          Reflect  +   (no helmet)
rElec   .          Harm     .   (no cloak)
rCorr   +          Rampage  .   o - +0 pair of gloves
Will    .....                   (no boots)
Stlth   ++++......              j - amulet of reflection
HPRegen 0.17/turn               s - ring of resist corrosion
MPRegen 0.11/turn               (no ring)

@: very slow
A: fangs 1, strong nose, distributed training
a: Renounce Religion, Bend Time, Temporal Distortion


You were on level 5 of the Dungeon.
You worshipped Cheibriados.
Cheibriados was most pleased with you.
You visited 2 branches of the dungeon, and saw 6 of its levels.

You collected 146 gold pieces.

Inventory:

Hand Weapons
 a - a +0 spear (weapon)
 h - a +0 sling
Missiles
 x - 2 poisoned darts
Armour
 b - a +0 leather armour
 o - a +0 pair of gloves (worn)
 q - a +0 ring mail (worn)
Magical Staves
 p - a staff of air
Jewellery
 j - an amulet of reflection (around neck)
 s - a ring of resist corrosion (left hand)
 u - a ring of positive energy
Wands
 g - a wand of digging (3)
Scrolls
 c - a scroll of fog
 d - 3 scrolls of magic mapping
 e - a scroll of poison {unknown}
 l - 3 scrolls of identify {unknown}
 m - a scroll of summoning {unknown}
 n - a scroll of vulnerability {unknown}
 r - a scroll of teleportation {unknown}
 w - a scroll of noise {unknown}
Potions
 f - a potion of haste
 k - a potion of might {unknown}


   Skills:
 + Level 6.9 Fighting
 + Level 2.1 Short Blades
 + Level 2.1 Long Blades
 + Level 2.1 Axes
 + Level 2.1 Maces & Flails
 + Level 5.0 Polearms
 + Level 2.1 Staves
 + Level 2.1 Ranged Weapons
 + Level 2.1 Throwing
 + Level 2.1 Armour
 + Level 5.0 Dodging
 + Level 9.8 Stealth
 + Level 2.1 Shields
 + Level 2.1 Unarmed Combat
 + Level 2.1 Spellcasting
 + Level 1.6 Conjurations
 + Level 1.6 Hexes
 + Level 1.6 Summonings
 + Level 1.6 Necromancy
 + Level 1.6 Translocations
 + Level 1.6 Transmutations
 + Level 1.6 Fire Magic
 + Level 1.6 Ice Magic
 + Level 1.6 Air Magic
 + Level 1.6 Earth Magic
 + Level 1.6 Poison Magic
 + Level 2.3 Invocations
 + Level 2.1 Evocations


You had 4 spell levels left.
You knew the following spells:

 Your Spells              Type           Power      Damage    Failure   Level
a - Call Imp              Summ           6%         N/A       30%         2
b - Mephitic Cloud        Conj/Pois/Air  6%         N/A       52%         3

Your spell library contained the following spells:

 Spells                   Type           Power      Damage    Failure   Level
 Foxfire                  Conj/Fire      24%        2x1d5     21%         1
 Magic Dart               Conj           24%        1d4       21%         1
 Conjure Flame            Conj/Fire      6%         6-21      52%         3
 Ignite Poison            Fire/Tmut/Pois 6%         N/A       52%         3
 Inner Flame              Hex/Fire       6%         N/A       52%         3
 Flame Wave               Conj/Fire      6%         2d5       89%         4
 Sticky Flame             Conj/Fire      6%         2d3       89%         4
 Blade Hands              Tmut           3%         N/A       99%         5
 Irradiate                Conj/Tmut      3%         3d12      99%         5
 Dragon Form              Tmut           3%         N/A       100%        7


Dungeon Overview and Level Annotations

Branches:
Dungeon (5/15)             Temple (1/1) D:5

Altars:
Ashenzari
Cheibriados
Dithmenos
Elyvilon
Fedhas
Gozag
Hepliaklqana
Kikubaaqudgha
Makhleb
Nemelex Xobeh
Okawaru
Ru
Trog
Uskayaw
Wu Jian
Yredelemnul
Zin

Annotations:
D:5 Eustachio, Sigmund


Innate Abilities, Weirdness & Mutations

You have very sharp teeth.
Your uncanny sense of smell can sniff out nearby items.
Your experience applies equally to all skills.


Message History

The black bear claws you but does no damage.
You feel better. The black bear barely misses you. x2
The black bear closely misses you.
Casting: Mephitic Cloud (quite dangerous; 52% risk of failure)
Confirm with . or Enter, or press ? or * to list all spells.
Okay, then.
Casting: Mephitic Cloud (quite dangerous; 52% risk of failure)
Confirm with . or Enter, or press ? or * to list all spells.
Okay, then.
Casting: Mephitic Cloud (quite dangerous; 52% risk of failure)
Confirm with . or Enter, or press ? or * to list all spells.
You don't have enough magic to cast this spell.
Unknown command.
Casting: Mephitic Cloud (quite dangerous; 52% risk of failure)
Confirm with . or Enter, or press ? or * to list all spells.
Okay, then.
Okay, then.
You closely miss the black bear.
The black bear is severely wounded.
The black bear bites you.
* * * LOW HITPOINT WARNING * * *
The black bear claws you but does no damage.
You block the black bear's attack.
Unknown command.
You barely miss the black bear.
You bite the black bear, but do no damage.
The black bear is severely wounded.
The black bear bites you.
* * * LOW HITPOINT WARNING * * *
The black bear closely misses you.
The black bear claws you but does no damage.
The black bear bites you.
* * * LOW HITPOINT WARNING * * *
The black bear misses you. The black bear claws you.
* * * LOW HITPOINT WARNING * * *
You hit the black bear.
You bite the black bear, but do no damage.
The black bear is almost dead.
The black bear barely misses you. The black bear claws you.
You die...

#...##.........# #.#
#.....# ######.#####.#.#
#.# #.....# ###.# ##...#
#.# #.....# .###...#
#....###.# #.....#
......## #........#
#...### .......#
#...####.###...#
.......#
#....###.....###
.......#
#......#.###...#
.......#
#...##@h..##.#.##
.......#
#...#####.##....#
#####... #...#
#.#.##.######## ......#
#...# #.#.#...#).....
......###...#
#.....>....#
.....@......#
#.#.#...#..#
.....####.##
#.#.##.###.# .#......#
#.#......#.#
#.$....######.####...#.#


You could see a black bear (berserk).

Vanquished Creatures
  Blork the orc (D:5)
  A scorpion (D:5)
  A jelly (D:5)
  An iguana (D:4)
  An orc wizard (D:5)
  5 adders
  3 worms
  A dart slug (D:1)
  4 orcs
  5 ball pythons
  7 endoplasms
  3 giant cockroaches
  8 goblins
  5 hobgoblins
  13 jackals
  10 kobolds
  4 quokkas
  3 bats
  2 frilled lizards
  5 rats
83 creatures vanquished.

Vanquished Creatures (others)
  8 plants (D:5)
8 creatures vanquished.

Grand Total: 91 creatures vanquished

Notes
Turn   | Place    | Note
-------+----------+-------------------------------------------
     0 | D:5      | Reached skill level 9 in Stealth
     0 | D:5      | leafyfresh the Gnoll Delver began the quest for the Orb.
     0 | D:5      | Reached XP level 1. HP: 23/23 MP: 1/1
    19 | D:5      | Reached XP level 2. HP: 29/29 MP: 2/2
    67 | D:5      | Noticed a scorpion
   101 | D:5      | Noticed Sigmund
   177 | D:5      | Noticed a black bear
   212 | D:5      | Found a staircase to the Ecumenical Temple.
   222 | Temple   | Entered the Ecumenical Temple
   410 | Temple   | Became a worshipper of Cheibriados the Contemplative
   440 | D:5      | Noticed Blork the orc
   472 | D:5      | Noticed Eustachio
  1165 | D:3      | Reached XP level 3. HP: 28/35 MP: 2/4
  1277 | D:3      | Reached skill level 1 in Invocations
  1995 | D:4      | Reached skill level 1 in Short Blades
  1995 | D:4      | Reached skill level 1 in Long Blades
  1995 | D:4      | Reached skill level 1 in Axes
  1995 | D:4      | Reached skill level 1 in Maces & Flails
  1995 | D:4      | Reached skill level 1 in Staves
  1995 | D:4      | Reached skill level 1 in Ranged Weapons
  1995 | D:4      | Reached skill level 1 in Throwing
  1995 | D:4      | Reached skill level 1 in Armour
  1995 | D:4      | Reached skill level 1 in Shields
  1995 | D:4      | Reached skill level 1 in Unarmed Combat
  1995 | D:4      | Reached skill level 1 in Spellcasting
  1995 | D:4      | Reached skill level 1 in Evocations
  1995 | D:4      | Reached XP level 4. HP: 23/41 MP: 5/5
  2175 | D:2      | Reached skill level 1 in Conjurations
  2175 | D:2      | Reached skill level 1 in Hexes
  2175 | D:2      | Reached skill level 1 in Summonings
  2175 | D:2      | Reached skill level 1 in Necromancy
  2175 | D:2      | Reached skill level 1 in Translocations
  2175 | D:2      | Reached skill level 1 in Transmutations
  2175 | D:2      | Reached skill level 1 in Fire Magic
  2175 | D:2      | Reached skill level 1 in Ice Magic
  2175 | D:2      | Reached skill level 1 in Air Magic
  2175 | D:2      | Reached skill level 1 in Earth Magic
  2175 | D:2      | Reached skill level 1 in Poison Magic
  2236 | D:2      | Reached * piety under Cheibriados
  2614 | D:2      | Reached XP level 5. HP: 47/47 MP: 7/7
  2667 | D:2      | Found a faded altar of an unknown god.
  3093 | D:1      | Reached ** piety under Cheibriados
  4055 | D:4      | You fall into a shaft and drop 1 floor!
  4072 | D:5      | Learned a level 2 spell: Call Imp
  4108 | D:5      | Reached XP level 6. HP: 39/53 MP: 8/8
  4112 | D:5      | Learned a level 3 spell: Mephitic Cloud
  4257 | D:5      | Reached *** piety under Cheibriados
  4258 | D:5      | Reached skill level 5 in Polearms
  4258 | D:5      | Reached skill level 5 in Dodging
  4337 | D:5      | Killed Blork the orc
  4368 | D:5      | Slain by a black bear

Illustrated notes

Levels and vault maps discovered:
D:1:      shiori_arrival_oz, layout_basic, minivault_25, minivault_25
D:2:      layout_loops_cross, shapermc_ecumenical_altar_pompeii
D:3:      layout_loops_corners, minmay_surrounded
D:4:      layout_layer_cave, biasface_ghost_orc_armoury,
          chequers_serial_rivers_room_a, kennysheep_windowed_goal
D:5:      layout_basic, minmay_temple_entry_gardened_gates, uniq_sigmund,
          uniq_blork_the_orc, uniq_eustachio
Temple:   hc_temple_tempest_star

Skill      XL: |  1  2  3  4  5  6 |
---------------+-------------------+-----
Stealth        | |  9.8
Invocations    | 1 2 |  2.3
Short Blades   | 1 2 |  2.1
Long Blades    | 1 2 |  2.1
Axes           | 1 2 |  2.1
Maces & Flails | 1 2 |  2.1
Staves         | 1 2 |  2.1
Ranged Weapons | 1 2 |  2.1
Throwing       | 1 2 |  2.1
Armour         | 1 2 |  2.1
Shields        | 1 2 |  2.1
Unarmed Combat | 1 2 |  2.1
Spellcasting   | 1 2 |  2.1
Evocations     | 1 2 |  2.1
Conjurations   | 1 |  1.6
Hexes          | 1 |  1.6
Summonings     | 1 |  1.6
Necromancy     | 1 |  1.6
Translocations | 1 |  1.6
Transmutations | 1 |  1.6
Fire Magic     | 1 |  1.6
Ice Magic      | 1 |  1.6
Air Magic      | 1 |  1.6
Earth Magic    | 1 |  1.6
Poison Magic   | 1 |  1.6
Polearms       | 5 |  5.0
Dodging        | 5 |  5.0
Fighting       | |  6.9

Action                   |  1- 3 |  4- 6 || total
-------------------------+-------+-------++-------
Melee: Spear             |    63 |    85 ||   148
       Bite              |     8 |    13 ||    21
       Punch             |     1 |     2 ||     3
 Fire: Sling             |    43 |   158 ||   201
 Cast: Mephitic Cloud    |       |     1 ||     1
Invok: Bend Time         |       |     2 ||     2
  Use: Scroll            |     1 |     1 ||     2
       Potion            |       |     4 ||     4
 Stab: Sleeping          |     1 |     1 ||     2
       Confused          |       |     1 ||     1
Armor: Leather armour    |    20 |     6 ||    26
       Ring mail         |       |    46 ||    46
Dodge: Dodged            |    63 |   131 ||   194
Block: Other             |     1 |    50 ||    51
       Reflection        |       |     1 ||     1
